 Dungeon Crawl Stone Soup version 0.29-a0-668-g12ee2bf84d (webtiles) character file.

Game seed: 1713755019295825919

49 purpskrrrp the Poker (level 4, 0/35 HPs)
             Began as a Meteoran Wanderer on June 23, 2022.
             Was an Initiate of Ashenzari.
             Slain by Sigmund
             ... wielding a +0 scythe
              (7 damage)
             ... on level 2 of the Dungeon.
             The game lasted 00:08:44 (836 turns).

purpskrrrp the Poker (Meteoran Wanderer)             Turns: 836, Time: 00:08:45

Health: 0/35       AC:  7    Str: 13    XL:     4   Next: 22%
Magic:  7/9        EV:  9    Int: 18    God:    Ashenzari [......]
Gold:   56         SH:  0    Dex: 13    Spells: 8/9 levels left

rFire   + . .      SeeInvis .   a - +1 trident
rCold   x . .      Faith    .   (no shield)
rNeg    . . .      Spirit   .   f - +0 scale mail
rPois   .          Reflect  .   (no helmet)
rElec   .          Harm     .   b - +0 cloak
rCorr   .          Rampage  .   (no gloves)
Will    +....                   (no boots)
Stlth   ..........              (no amulet)
HPRegen 0.11/turn               i - ring of fire
MPRegen 0.11/turn               (no ring)

@: very slightly contaminated, glowing
A: sense surroundings 1, otherworldly, glowing, explore regen, clever 1, low MP
1, strong-willed 1
a: Renounce Religion, Curse Item


You were on level 2 of the Dungeon.
You worshipped Ashenzari.
Ashenzari was noncommittal.
You visited 1 branch of the dungeon, and saw 2 of its levels.

You collected 56 gold pieces.

Inventory:

Hand Weapons
 a - a +1 trident (weapon)
Armour
 b - a +0 cloak (worn)
 d - a +0 robe
 f - a +0 scale mail (worn)
Jewellery
 i - a ring of fire (left hand)
Scrolls
 c - a scroll of teleportation
Potions
 j - a potion of berserk rage {unknown}
 k - 2 potions of cancellation {unknown}


   Skills:
 + Level 1.2 Fighting
 + Level 3.4 Polearms
 + Level 1.5 Throwing
 + Level 1.2 Armour
 + Level 1.8 Dodging
 + Level 1.0 Stealth
 + Level 3.3 Spellcasting
 + Level 1.5 Transmutations
 + Level 1.2 Invocations


You had 8 spell levels left.
You knew the following spells:

 Your Spells              Type           Power      Damage    Failure   Level
a - Sting                 Tmut/Pois      20%        1d4       50%         1

Your spell library contained the following spells:

 Spells                   Type           Power      Damage    Failure   Level
 Spider Form              Tmut/Pois      5%         N/A       86%         3


Dungeon Overview and Level Annotations

Branches:
Dungeon (2/15) Zot: 345

Altars:
Ashenzari

Annotations:
D:2 Sigmund


Innate Abilities, Weirdness & Mutations

You passively map a small area around you.
You are easily found by Zot.
You glow in the dark.
You regain HP and MP as you explore.
Your mind is acute. (Int +4, Str/Dex-1)
Your magical capacity is low. (-10% MP)
You are strong-willed. (Will+)


Message History

Sigmund is lightly wounded.
Sigmund hits you but does no damage.
Reach: a) +1 trident
Press: ? - help, Dir - move target, f/p - Sigmund
Aim: Sigmund, wielding a +0 scythe and wearing a +1 robe of willpower (moderately wounded, poisoned, about 47% to evade your +1 trident)
You reach to attack!
You closely miss Sigmund.
Sigmund is moderately wounded.
A worm comes into view.
Sigmund hits you from afar with a +0 scythe!
Reach: a) +1 trident
Press: ? - help, Dir - move target, f/p - Sigmund
Aim: Sigmund, wielding a +0 scythe and wearing a +1 robe of willpower (moderately wounded, poisoned, about 47% to evade your +1 trident)
You reach to attack!
You hit Sigmund.
Sigmund is heavily wounded.
Reach: a) +1 trident
Press: ? - help, Dir - move target, f/p - Sigmund
Aim: Sigmund, wielding a +0 scythe and wearing a +1 robe of willpower (heavily wounded, poisoned, about 47% to evade your +1 trident)
You reach to attack!
You hit Sigmund but do no damage.
Sigmund is heavily wounded.
Sigmund closely misses you.
Reach: a) +1 trident
Press: ? - help, Dir - move target, f/p - Sigmund
Aim: Sigmund, wielding a +0 scythe and wearing a +1 robe of willpower (heavily wounded, poisoned, about 47% to evade your +1 trident)
You reach to attack!
You closely miss Sigmund.
Sigmund is heavily wounded.
Sigmund hits you from afar with a +0 scythe!
* * * LOW HITPOINT WARNING * * *
You feel better. Sigmund gestures at you while chanting.
The magic dart hits you but does no damage.
Sigmund hits you with a +0 scythe.
* * * LOW HITPOINT WARNING * * *
You hit Sigmund.
Sigmund is almost dead.
Sigmund looks more healthy.
You hit Sigmund.
Sigmund is almost dead.
Sigmund giggles. "Time to reap what you sow."
Sigmund hits you with a +0 scythe!
You die...

* , ,, * *
*#.##..# *
#.##.? ,, ,*
*#.##..* *
...... ,
*,#.##.# , , ,
#.##w# #.#
#.##@# ,
.##.#####.##@#
,
..........##.#
###.###.#....#
#.# #.#.####
#.# #.#.# #.#
#.#.#
##.###.#.#
##.#.##.#.#
#.###.#.#.#


You could see Sigmund and a worm.

Vanquished Creatures
  An adder (D:2)
  A ball python (D:1)
  4 bats (D:1)
  4 endoplasms (D:1)
  2 giant cockroaches (D:1)
  4 goblins
  2 hobgoblins (D:1)
  2 jackals (D:2)
  5 kobolds
  4 quokkas (D:1)
  3 frilled lizards
  3 rats
35 creatures vanquished.

Notes
Turn   | Place    | Note
-------+----------+-------------------------------------------
     0 | D:1      | purpskrrrp the Meteoran Wanderer began the quest for the
                  | Orb.
     0 | D:1      | purpskrrrp set off with the following items: a +0 trident,
                  | a +0 cloak, a scroll of teleportation, a +0 robe; and the
                  | following spell memorised: Sting; and the following spells
                  | available to memorise: Spider Form.
     0 | D:1      | Reached XP level 1. HP: 14/14 MP: 5/5
    39 | D:1      | Found a faded altar of an unknown god.
    49 | D:1      | Reached XP level 2. HP: 17/20 MP: 6/6
    64 | D:1      | Prayed at the altar of an unknown god.
    64 | D:1      | Became a worshipper of Ashenzari the Shackled
   304 | D:1      | Reached XP level 3. HP: 11/26 MP: 8/8
   486 | D:1      | Glimpsed the power of Zot.
   536 | D:1      | Glimpsed the power of Zot.
   566 | D:2      | Gained mutation: You are strong-willed. (Will+) [potion of
                  | mutation]
   566 | D:2      | Gained mutation: Your magical capacity is low. (-10% MP)
                  | [potion of mutation]
   566 | D:2      | Gained mutation: Your mind is acute. (Int +4, Str/Dex-1)
                  | [potion of mutation]
   581 | D:2      | Reached skill level 1 in Fighting
   581 | D:2      | Reached XP level 4. HP: 20/35 MP: 7/9
   821 | D:2      | Noticed Sigmund
   836 | D:2      | Slain by Sigmund

Illustrated notes

Levels and vault maps discovered:
D:1:      grunt_arrival_lava_bath, layout_basic, serial_co_window_serial,
          co_window_paths_b, co_window_of_opportunity_a, co_window_corner_a,
          co_window_of_opportunity_a, co_window_corner_a, co_window_paths_a,
          co_window_broadway_a, co_window_of_opportunity_b, co_window_corner_ca,
          co_window_cross_3, co_window_4corner_a, co_window_paths_d,
          glass_columns_b, glass_columns_c, glass_columns_a, glass_columns_c,
          ebering_ecumenical_altar_webs
D:2:      layout_loops_ring, minivault_27, uniq_natasha, uniq_sigmund

Skill      XL: |  1  2  3 |
---------------+----------+-----
Spellcasting   | 3 |  3.3
Polearms       | 3 |  3.4
Fighting       | 1 |  1.2
Throwing       | |  1.5
Armour         | |  1.2
Dodging        | |  1.8
Stealth        | |  1.0
Transmutations | |  1.5
Invocations    | |  1.2

Action                   |  1- 3 |  4- 6 || total
-------------------------+-------+-------++-------
Melee: Trident           |    84 |    32 ||   116
       Punch             |       |     1 ||     1
 Cast: Sting             |     1 |     3 ||     4
  Use: Scroll            |     3 |       ||     3
       Potion            |     1 |     1 ||     2
Armor: Robe              |    26 |       ||    26
       Scale mail        |       |    15 ||    15
Dodge: Dodged            |    58 |    11 ||    69

Table legend: (Time is in decaauts)
 A = Elapsed time spent in this place.
 B = Non-inter-level travel time spent in this place.
 C = Inter-level travel time spent in this place.
 D = Time resting spent in this place.
 E = Time spent auto-exploring this place.
 F = Levels seen in this place.
 G = Mean time per level.
                   A        B        C        D        E       F      G
               +--------+--------+--------+--------+--------+-----+--------+
         Total |    853 |    568 |    285 |      0 |    286 |   2 |  426.5 |
       Dungeon |    853 |    568 |    285 |      0 |    286 |   2 |  426.5 |
               +--------+--------+--------+--------+--------+-----+--------+

Top non-repeatable levels by time:
     D:1: 571 daAuts
     D:2: 281 daAuts
